 Dungeon Crawl Stone Soup version 0.27-a0-1591-gc56fcc985a (webtiles) character file.

Game seed: 15349875990392055168

24 dolemite99 the Chopper (level 3, -2/33 HPs)
             Began as a Hill Orc Fighter on July 19, 2021.
             Slain by a gnoll (6 damage)
             ... on level 1 of the Dungeon.
             The game lasted 00:00:37 (779 turns).

dolemite99 the Chopper (Hill Orc Fighter)            Turns: 779, Time: 00:00:38

Health: -2/33      AC:  6    Str: 19    XL:     3   Next: 2%
Magic:  3/3        EV:  7    Int:  8    God:
Gold:   38         SH:  9    Dex: 10    Spells: 2/2 levels left

rFire    . . .     SeeInvis .   a - +0 war axe
rCold    . . .     Faith    .   c - +0 kite shield
rNeg     . . .     Spirit   .   b - +0 scale mail
rPois    .         Reflect  .   (no helmet)
rElec    .         Harm     .   (no cloak)
rCorr    .         Rampage  .   (no gloves)
Will     .....                  (no boots)
Stlth    ..........             (no amulet)
HPRegen  0.11/turn              (no ring)
MPRegen  0.08/turn              (no ring)

@: mighty
A: no striking features
a: no special abilities


You were on level 1 of the Dungeon.
You visited 1 branch of the dungeon, and saw 2 of its levels.

You collected 38 gold pieces.

Inventory:

Hand Weapons
 a - a +0 war axe (weapon)
Missiles
 f - 37 stones (quivered)
Armour
 b - a +0 scale mail (worn)
 c - a +0 kite shield (worn)
Potions
 e - 2 potions of lignification {unknown}


   Skills:
 - Level 3.6 Fighting
 + Level 4.4 Axes
 - Level 3.3 Armour
 - Level 3.3 Shields


You had 2 spell levels left.
You didn't know any spells.
Your spell library was empty.

Dungeon Overview and Level Annotations

Branches:
Dungeon (2/15)

Altars:


Message History

The gnoll freezes you. The gnoll barely misses you.
A rat comes into view.
There are monsters nearby!
You barely miss the gnoll.
The gnoll is heavily wounded.
You hit the gnoll. You slash the gnoll! The gnoll completely misses you.
You block the gnoll's attack.
The gnoll hits you from afar with a +0 spear of freezing.
The gnoll freezes you. The gnoll hits you with a +0 spear.
The gnoll barely misses you. The gnoll hits you with a +0 club.
The gnoll hits you with a +0 spear.
* * * LOW HITPOINT WARNING * * *
The gnoll hits you from afar with a +0 spear of freezing.
* * * LOW HITPOINT WARNING * * *
The gnoll freezes you.
* * * LOW HITPOINT WARNING * * *
You block the gnoll's attack. The gnoll closely misses you.
You block the gnoll's attack. The gnoll hits you but does no damage.
You climb upwards.
There is a stone staircase leading down here.
You feel very mighty all of a sudden. You block the gnoll's attack.
The gnoll hits you with a +0 spear.
* * * LOW HITPOINT WARNING * * *
You slash the gnoll!
The gnoll is almost dead.
You hit the gnoll.
You kill the gnoll!
The gnoll hits you with a +0 halberd.
* * * LOW HITPOINT WARNING * * *
Your Axes skill increases to level 4!
You have reached level 3!
Your experience leads to an increase in your attributes!
Increase (S)trength, (I)ntelligence, or (D)exterity?
You feel stronger.
You hit the gnoll.
The gnoll is almost dead.
You hit the gnoll.
You kill the gnoll!
The gnoll hits you with a +0 club.
You die...

...........................#
##..
....##############...#####.#
##. .#.## #...# #.# #. .#.#
##.## #.######
##.############ #.# #.......
#............# #.# ##.#####
############.# #.# ### #
#.#####.# ## #..g@)..# ##.
######### #.. ##. ## #


You could see a gnoll.

Vanquished Creatures
  2 gnolls (D:1)
  A bat (D:1)
  An endoplasm (D:1)
  4 jackals (D:1)
  2 kobolds (D:1)
  2 quokkas (D:1)
  2 rats (D:1)
14 creatures vanquished.

Notes
Turn   | Place    | Note
-------+----------+-------------------------------------------
     0 | D:1      | dolemite99 the Hill Orc Fighter began the quest for the
                  | Orb.
     0 | D:1      | Reached XP level 1. HP: 19/19 MP: 1/1
   196 | D:1      | Reached skill level 3 in Axes
   403 | D:1      | Reached XP level 2. HP: 27/27 MP: 2/2
   779 | D:1      | Reached skill level 4 in Axes
   779 | D:1      | Reached XP level 3. HP: 4/33 MP: 3/3
   779 | D:1      | Slain by a gnoll

Illustrated notes

Levels and vault maps discovered:
D:1:      eino_arrival_cavern_a, layout_loops_ring
D:2:      layout_basic, chequers_ecumenical_altar_simple_redux, uniq_terence,
          uniq_crazy_yiuf_cottage

Skill      XL: |  1  2 |
---------------+-------+-----
Axes           | 3 4 |  4.4
Fighting       | |  3.6
Armour         | |  3.3
Shields        | |  3.3

Action                   || total
-------------------------++-------
Melee: War axe           ||    48
Throw: Stone             ||     7
  Use: Potion            ||     1
Armor: Scale mail        ||    28
Dodge: Dodged            ||    20
Block: Kite shield       ||    41

Table legend: (Time is in decaauts)
 A = Elapsed time spent in this place.
 B = Non-inter-level travel time spent in this place.
 C = Inter-level travel time spent in this place.
 D = Time resting spent in this place.
 E = Time spent auto-exploring this place.
 F = Levels seen in this place.
 G = Mean time per level.
                   A        B        C        D        E       F      G
               +--------+--------+--------+--------+--------+-----+--------+
         Total |    807 |    781 |     26 |      0 |    638 |   2 |  403.5 |
       Dungeon |    807 |    781 |     26 |      0 |    638 |   2 |  403.5 |
               +--------+--------+--------+--------+--------+-----+--------+

Top non-repeatable levels by time:
     D:1: 802 daAuts
     D:2: 4 daAuts
